 Dungeon Crawl Stone Soup version 0.29.0-5-ge4962eb29e (webtiles) character file.

Game seed: 10951618132115774625

16 Anothat the Shield-Bearer (level 2, -6/24 HPs)
             Began as a Formicid Fighter on Aug 28, 2022.
             Mangled by a gnoll
             ... wielding a +0 club
              (7 damage)
             ... on level 1 of the Dungeon.
             The game lasted 00:00:35 (382 turns).

Anothat the Shield-Bearer (Formicid Fighter)         Turns: 382, Time: 00:00:35

Health: -6/24      AC:  6    Str: 20    XL:     2   Next: 70%
Magic:  2/2        EV:  9    Int:  7    God:
Gold:   15         SH:  5    Dex: 13    Spells: 1/1 levels left

rFire   . . .      SeeInvis +   a - +0 war axe
rCold   . . .      Faith    .   c - +0 buckler
rNeg    . . .      Spirit   .   b - +0 scale mail
rPois   .          Reflect  .   (helmet unavailable)
rElec   .          Harm     .   (no cloak)
rCorr   .          Rampage  .   (no gloves)
Will    .....                   (no boots)
Stlth   ..........              (no amulet)
HPRegen 0.08/turn               (no ring)
MPRegen 0.08/turn               (no ring)

@: no status effects
A: permanent stasis, dig shafts and tunnels, antennae 3, four strong arms
a: Dig, Shaft Self


You were on level 1 of the Dungeon.
You visited 1 branch of the dungeon, and saw 1 of its levels.

You collected 15 gold pieces.

Inventory:

Hand Weapons
 a - a +0 war axe (weapon)
Armour
 b - a +0 scale mail (worn)
 c - a +0 buckler (worn)
Scrolls
 e - a scroll of identify {unknown}
Potions
 d - a potion of might


   Skills:
 + Level 3.5 Fighting
 * Level 2.5 Axes
 - Level 3.3 Armour
 + Level 4.3 Shields


You had one spell level left.
You didn't know any spells.
Your spell library was empty.

Dungeon Overview and Level Annotations

Branches:
Dungeon (1/15)

Altars:


Innate Abilities, Weirdness & Mutations

You cannot be hasted, slowed, berserked, paralysed or teleported.
You can dig through walls and to a lower floor.
You have a pair of large antennae on your head. (SInv)
Your four strong arms can wield two-handed weapons with a shield.


Message History

The hobgoblin hits you.
* * * LOW HITPOINT WARNING * * *
The hobgoblin hits you but does no damage.
The frilled lizard hisses.
You hit the hobgoblin but do no damage.
The hobgoblin is severely wounded.
The hobgoblin hits you but does no damage.
You slash the hobgoblin!
You kill the hobgoblin!
You closely miss the frilled lizard.
The frilled lizard bites you but does no damage.
You block the frilled lizard's attack.
You closely miss the frilled lizard. The frilled lizard barely misses you.
You closely miss the frilled lizard.
The frilled lizard bites you but does no damage.
You block the frilled lizard's attack.
You barely miss the frilled lizard. The frilled lizard closely misses you.
You hit the frilled lizard.
You kill the frilled lizard!
The quokka bites you but does no damage.
You barely miss the quokka. The quokka misses you.
The quokka bites you but does no damage.
You barely miss the quokka.
The quokka bites you but does no damage.
You hit the quokka.
You kill the quokka!
The gnoll hits you with a +0 club.
* * * LOW HITPOINT WARNING * * *
You barely miss the gnoll.
A bat comes into view.
The gnoll hits you with a +0 club.
* * * LOW HITPOINT WARNING * * *
The bat moves out of view.
You closely miss the gnoll. The gnoll barely misses you.
The gnoll closely misses you.
Okay, then.
You hit the gnoll.
The gnoll is moderately wounded.
The gnoll hits you with a +0 club!
You die...

... ..g ... ..{.
.. ......
##.####..#..
.b.=....#. #)#.#
.. #..l# .# ##
###g##.##
....##@#...####.
#......)..(.....
.#
#...###.$..####
#.# ###. #....#
#.# #.###.####
#.# #...##
###.##### ##..#
#.#.# ..# #..#
....# #.# #..#


You could see a gnoll, a bat and a frilled lizard.

Vanquished Creatures
  A giant cockroach (D:1)
  2 goblins (D:1)
  3 hobgoblins (D:1)
  2 quokkas (D:1)
  2 ball pythons (D:1)
  2 frilled lizards (D:1)
  A kobold (D:1)
  2 rats (D:1)
15 creatures vanquished.

Notes
Turn   | Place    | Note
-------+----------+-------------------------------------------
     0 | D:1      | Anothat the Formicid Fighter began the quest for the Orb.
     0 | D:1      | Reached XP level 1. HP: 18/18 MP: 1/1
   270 | D:1      | Reached XP level 2. HP: 19/24 MP: 2/2
   380 | D:1      | HP: 1/24 [gnoll/+0 club (4)]
   382 | D:1      | Mangled by a gnoll

Illustrated notes

Levels and vault maps discovered:
D:1:      psy_arrival_basics, layout_loops_ring,
          hellmonk_ecumenical_altar_run_dry, minmay_nonomino_d4

Action                   || total
-------------------------++-------
Melee: War axe           ||    46
Armor: Scale mail        ||    24
Dodge: Dodged            ||    22
Block: Buckler           ||    15
